 Dungeon Crawl Stone Soup version 0.17-a0-931-g11a8995 (webtiles) character file.

2849 krabocopter the Carver (level 9, -4/70 HPs)
             Began as a Yellow Draconian Chaos Knight on May 4, 2015.
             Shot with an arrow by a centaur (10 damage)
             ... on level 8 of the Dungeon on May 5, 2015.
             The game lasted 00:26:44 (7070 turns).

krabocopter the Carver (DrCK)                       Turns: 7070, Time: 00:26:45

Health: -4/70      AC: 11    Str: 14    XL:     9   Next: 46%
Magic:  26/26      EV: 13    Int: 12    God:    Xom [.*....]
Gold:   346        SH:  0    Dex: 18    Spells: 2 memorised, 16 levels left

rFire  . . .     SeeInvis .     a - +1 falchion (chaos)
rCold  . . .     Clarity  .     (armour unavailable)
rNeg   . . .     SustAb   .     (no shield)
rPois  +         Gourm    .     (helmet restricted)
rElec  .         Spirit   .     m - +2 cloak
rCorr  +         Warding  .     (no gloves)
rMut   .         Stasis   .     t - +0 pair of boots
MR     +....                    O - amulet of rage
Stlth  +.........               F - +5 ring of dexterity
                                d - ring of magical power

@: confused, somewhat resistant to hostile enchantments, very unstealthy
A: spit acid, acid resistance, unfitting armour, blurry vision 2, dopey 1, magic
resistance 1, poison resistance, screaming 1, cold-blooded, MP-powered wands, AC
+7
a: Spit Acid, Renounce Religion, Evoke Berserk Rage


You were on level 8 of the Dungeon.
You worshipped Xom.
You were a plaything of Xom.
You were hungry.

You visited 1 branch of the dungeon, and saw 8 of its levels.

You collected 346 gold pieces.

Inventory:

Hand weapons
 a - a +1 falchion of chaos (weapon)
 c - a +1 spear of venom
 y - a +3 flail of protection
 P - the +2 trident of Ru's Esteem {pierce, Noisy rF+ Str+4, unknown}
   (You found it on level 8 of the Dungeon)

   It inflicts extra damage upon your enemies.
   It affects your strength (+4).
   It protects you from fire.
   It may make noises in combat.
Armour
 m - a +2 cloak (worn)
 t - a +0 pair of boots (worn)
Jewellery
 d - a ring of magical power (left hand)
 f - an uncursed ring of protection from magic
 o - a +3 ring of evasion
 s - an uncursed amulet of guardian spirit
 F - a +5 ring of dexterity (right hand)
 K - a +3 ring of intelligence
 O - an amulet of rage (around neck)
Magical devices
 N - a wand of flame (20)
Scrolls
 e - a scroll of fog {unknown}
 j - 2 scrolls of remove curse
 q - 7 scrolls of identify
 v - 5 scrolls of amnesia {unknown}
 w - 2 scrolls of teleportation {unknown}
 x - 2 scrolls of noise {unknown}
 A - a scroll of magic mapping
 C - 3 scrolls of enchant weapon
 H - a scroll of random uselessness {unknown}
 I - a scroll of immolation {unknown}
 L - a scroll of torment {unknown}
 M - a scroll of fear {unknown}
Potions
 g - a potion of agility {unknown}
 i - 4 potions of curing
 k - 2 potions of poison {unknown}
 l - a potion of haste {unknown}
 n - 3 potions of heal wounds {unknown}
 p - a potion of resistance {unknown}
 u - a potion of flight
 B - a potion of might
 D - a potion of lignification
 E - a potion of brilliance {unknown}
 J - a potion of berserk rage {unknown}
Books
 z - a book of Air

   Spells                             Type                      Level
   a - Shock                          Conjuration/Air              1
   b - Swiftness                      Charms/Air                   2
   c - Repel Missiles                 Charms/Air                   2
   d - Flight                         Charms/Air                   3
   e - Static Discharge               Conjuration/Air              3
   f - Lightning Bolt                 Conjuration/Air              5
 G - a book of Flames

   Spells                             Type                      Level
   a - Flame Tongue                   Conjuration/Fire             1
   b - Throw Flame                    Conjuration/Fire             2
   c - Conjure Flame                  Conjuration/Fire             3
   d - Inner Flame                    Hexes/Fire                   3
   e - Sticky Flame                   Conjuration/Fire             4
   f - Fireball                       Conjuration/Fire             5
Comestibles
 b - 7 bread rations
 h - a beef jerky
 r - 3 meat rations


   Skills:
 - Level 3.2 Fighting
 - Level 10.1 Long Blades
 - Level 2.1 Dodging
 - Level 5.5 Spellcasting
 + Level 4.8 Conjurations
 + Level 3.8 Air Magic


You had 16 spell levels left.
You knew the following spells:

 Your Spells              Type           Power        Failure   Level  Hunger
a - Swiftness             Chrm/Air       #.......     14%         2    ##.....
b - Shock                 Conj/Air       ##..         3%          1    None


Dungeon Overview and Level Annotations

Branches:
Dungeon (8/15)             Temple (0/1) D:7
   Lair: D:8-11

Altars:
Fedhas
Makhleb
Okawaru
Qazlal
Ru
Xom
Zin
The Shining One

Shops:
D:5 =

Annotations:
D:8 Erica, Grum


Innate Abilities, Weirdness & Mutations

You can spit globs of acid.
You are resistant to acid.
Your golden yellow scales are hard (AC +7).
Your body does not fit into most forms of armour.
You are cold-blooded and may be slowed by cold attacks.
Scrolls take you longer to read.
You are dopey. (Int -2)
You are resistant to hostile enchantments.
Your system is resistant to poisons.
You occasionally shout uncontrollably at your foes.
You expend magic power (3 MP) to strengthen your wands.


Message History

You cannot move. (Use ctrl+direction to attack without moving)
You cannot move. (Use ctrl+direction to attack without moving)
You closely miss the bat.
The centaur screams, "I'll kill you anyway!"
The bat barely misses you.
You swing at nothing.
You feel less woody.
Your +2 cloak unmelds from your body.
Your +0 pair of boots unmelds from your body.
Erica falls off the wall.
Erica the jumping spider changes into a spriggan!
The centaur seems less confused.
The bat barely misses you.
The centaur wields a shortbow.
The centaur shoots an arrow.
The arrow hits you!
* * * LOW HITPOINT WARNING * * *
You hit the bat. You burn the bat.
You kill the bat!
Erica the spriggan changes into a harpy!
The centaur shoots an arrow.
The arrow hits you!
You die...
Xom howls with laughter!

#.. ...# #..#
##... ... ∆ .c.
#)# #)# #@###
#.†H# ###.# #.#
#.#############
#.............#
#############.##
#... ####


You could see Erica the harpy shaped shifter and a centaur.

Vanquished Creatures
  A hungry ghost (D:7)
  A hippogriff (D:4)
  2 necrophages
  An ice beast (D:7)
  An ogre (D:8)
  An orc warrior (D:7)
  2 sky beasts
  2 centaurs
  4 phantoms
  9 killer bees (D:8)
  A scorpion (D:4)
  A killer bee (shapeshifter) (D:8)
  3 crimson imps (D:5)
  A hound (D:4)
  A wight (D:7)
  A giant frog skeleton (D:5)
  A jelly (D:5)
  2 orc priests (D:5)
  A quasit (D:7)
  Ijyb (D:3)
  4 orc wizards
  Terence (D:3)
  An iguana (D:8)
  9 worker ants
  A hound skeleton (D:7)
  5 gnolls (D:4)
  A worker ant zombie (D:6)
  7 adders
  4 worms
  3 giant geckos
  21 orcs
  2 ball pythons
  11 bats
  2 bat skeletons
  A bat zombie (D:7)
  13 hobgoblins
  4 quokkas
  6 giant cockroaches
  3 giant newts
  9 goblins
  6 kobolds
  A quokka skeleton (D:4)
  11 rats
  2 butterflies (D:4)
165 creatures vanquished.

Vanquished Creatures (collateral kills)
  A phantom (D:4)
  A quasit (D:4)
  A hobgoblin (D:8)
3 creatures vanquished.

Vanquished Creatures (others)
  A ball lightning (D:4)
  A quasit (D:4)
  2 orc wizards
  An orc (D:5)
  A goblin (D:5)
  A ball python (D:5)
7 creatures vanquished.

Grand Total: 175 creatures vanquished

Notes
Turn   | Place    | Note
--------------------------------------------------------------
     0 | D:1      | krabocopter, the Draconian Chaos Knight, began the quest for the Orb.
     0 | D:1      | Reached XP level 1. HP: 19/19 MP: 1/1
    90 | D:1      | XOM: silly message
   257 | D:1      | Reached XP level 2. HP: 26/26 MP: 2/2
   286 | D:1      | XOM: divination: magic mapping
   381 | D:1      | XOM: harmless Summ miscast
   416 | D:1      | XOM: silly message
   746 | D:1      | XOM is BORED!
   746 | D:1      | XOM: noise
   991 | D:2      | Upgraded the game from 0.17-a0-915-g8914353 to 0.17-a0-931-g11a8995
  1025 | D:2      | Reached skill level 4 in Long Blades
  1209 | D:2      | Reached XP level 3. HP: 29/31 MP: 3/3
  1683 | D:3      | Noticed Ijyb
  1691 | D:3      | Killed Ijyb
  1691 | D:3      | Reached skill level 5 in Long Blades
  1691 | D:3      | Reached XP level 4. HP: 38/38 MP: 4/4
  1809 | D:3      | Noticed Terence
  1811 | D:3      | XOM: potion effect (berserk rage)
  1814 | D:3      | Killed Terence
  1827 | D:3      | XOM: silly message
  2082 | D:4      | XOM: cast spell 'Conjure Ball Lightning'
  2085 | D:4      | XOM: butterfly on damage
  2182 | D:4      | XOM: vitrification
  2198 | D:4      | Reached skill level 6 in Long Blades
  2198 | D:4      | Reached XP level 5. HP: 26/45 MP: 5/5
  2435 | D:4      | XOM: potion effect (curing)
  2441 | D:4      | XOM: scenery: 1 doors open, 1 doors close
  2570 | D:4      | Noticed a phantom
  2580 | D:4      | XOM: summons 4 friendly demons
  2581 | D:4      | Noticed a hippogriff
  2595 | D:4      | Gained mutation: Scrolls take you a little longer to read. [potion of mutation]
  2595 | D:4      | Gained mutation: Your system is resistant to poisons. [potion of mutation]
  2595 | D:4      | XOM: confuse monster(s)
  2599 | D:4      | Killed a hippogriff
  2599 | D:4      | Reached skill level 7 in Long Blades
  2599 | D:4      | Reached XP level 6. HP: 23/51 MP: 4/6
  2603 | D:4      | Killed a phantom
  2885 | D:4      | XOM: medium Tloc miscast
  2886 | D:4      | Noticed a spatial vortex
  3181 | D:4      | Reached skill level 8 in Long Blades
  3202 | D:4      | Your scales start taking on a golden yellow colour.
  3202 | D:4      | Reached XP level 7. HP: 57/57 MP: 7/7
  3256 | D:4      | Learned a level 2 spell: Swiftness
  3327 | D:4      | Found a glowing silver altar of Zin.
  3467 | D:5      | Entered Level 5 of the Dungeon
  3556 | D:5      | Found a blossoming altar of Fedhas.
  3561 | D:5      | XOM: potion effect (haste)
  3562 | D:5      | XOM: potion effect (might)
  3588 | D:5      | Reached skill level 9 in Long Blades
  3663 | D:5      | XOM: potion effect (heal wounds)
  3667 | D:5      | XOM: potion effect (agility)
  3703 | D:5      | XOM: harmless Divn miscast
  3752 | D:5      | Found a sacrificial altar of Ru.
  3809 | D:5      | Found a stormy altar of Qazlal.
  3842 | D:5      | Found a shimmering altar of Xom.
  3844 | D:5      | XOM: potion effect (brilliance)
  3865 | D:5      | XOM: potion effect (brilliance)
  3869 | D:5      | Reached XP level 8. HP: 59/63 MP: 8/8
  3877 | D:5      | Found a glowing golden altar of the Shining One.
  3893 | D:5      | Gained mutation: You are dopey. (Int -2) [potion of mutation]
  3893 | D:5      | Gained mutation: You expend magic power (3 MP) to strengthen your wands. [potion of mutation]
  3894 | D:5      | Gained mutation: You are resistant to hostile enchantments. [potion of mutation]
  3894 | D:5      | Gained mutation: You occasionally shout uncontrollably at your foes. [potion of mutation]
  3894 | D:5      | Gained mutation: Scrolls take you longer to read. [potion of mutation]
  4015 | D:5      | Found Keve Wac's Jewellery Shop.
  4024 | D:5      | Reached skill level 10 in Long Blades
  4044 | D:5      | Found a burning altar of Makhleb.
  4118 | D:5      | Found an iron altar of Okawaru.
  4122 | D:5      | XOM: harmless Divn miscast
  4306 | D:6      | XOM: silly message
  4391 | D:6      | Learned a level 1 spell: Shock
  4408 | D:6      | XOM: harmless Conj miscast
  4413 | D:6      | XOM: potion effect (curing)
  4438 | D:6      | Reached skill level 1 in Spellcasting
  4438 | D:6      | Reached skill level 1 in Conjurations
  4656 | D:6      | XOM: potion effect (berserk rage)
  4799 | D:7      | XOM: potion effect (haste)
  4809 | D:7      | XOM: potion effect (berserk rage)
  4826 | D:7      | XOM: harmless Pois miscast
  5019 | D:7      | XOM: harmless Divn miscast
  5022 | D:7      | XOM: potion effect (berserk rage)
  5203 | D:7      | Reached XP level 9. HP: 61/70 MP: 11/15
  5448 | D:7      | Found a staircase to the Ecumenical Temple.
  5486 | D:7      | XOM: divination: detect items
  5522 | D:7      | XOM: silly message
  5674 | D:8      | XOM: potion effect (agility)
  5689 | D:7      | Reached skill level 1 in Air Magic
  5816 | D:8      | Noticed Erica
  5928 | D:8      | XOM: silly message
  6063 | D:8      | Reached skill level 5 in Spellcasting
  6176 | D:8      | XOM: harmless Erth miscast
  6237 | D:8      | XOM: silly message
  6291 | D:8      | XOM: harmless Trmt miscast
  6603 | D:8      | Noticed Grum
  6614 | D:8      | XOM: polymorph wolf -> water moccasin
  6617 | D:8      | XOM: 4-stop teleportation journey
  6652 | D:8      | XOM: enchant monster (bad)
  7015 | D:8      | Got a shimmering trident
  7015 | D:8      | XOM: swap monsters
  7022 | D:8      | XOM: divination: detect items
  7024 | D:8      | Noticed Erica
  7024 | D:8      | Erica changed into Erica the glowing shapeshifter
  7024 | D:8      | XOM: polymorph Erica -> Erica the glowing shapeshifter
  7024 | D:8      | Noticed Erica
  7024 | D:8      | Erica the glowing shapeshifter changed into Erica the lindwurm
  7025 | D:8      | Noticed Erica
  7025 | D:8      | Erica the lindwurm changed into Erica the cyclops
  7030 | D:8      | Noticed Erica
  7030 | D:8      | Erica the cyclops changed into Erica the swamp dragon
  7032 | D:8      | Noticed Erica
  7032 | D:8      | Erica the swamp dragon changed into Erica the komodo dragon
  7045 | D:8      | Erica the komodo dragon changed into Erica the spriggan
  7050 | D:8      | XOM: noise
  7055 | D:8      | Noticed Erica
  7055 | D:8      | Erica the hippogriff changed into Erica the spiny frog
  7057 | D:8      | Noticed Erica
  7057 | D:8      | Erica the spiny frog changed into Erica the draconian
  7061 | D:8      | Noticed Erica
  7061 | D:8      | Erica the draconian changed into Erica the black mamba
  7065 | D:8      | XOM: confusion (+ monsters)
  7065 | D:8      | Erica the black mamba changed into Erica the jumping spider
  7070 | D:8      | Noticed Erica
  7070 | D:8      | Erica the spriggan changed into Erica the harpy
  7070 | D:8      | Shot with an arrow by a centaur

Action                   |  1- 3 |  4- 6 |  7- 9 || total
-------------------------+-------+-------+-------++-------
Melee: Falchion          |   105 |   157 |   476 ||   738
 Abil: Spit Acid         |       |       |     2 ||     2
  Use: Scroll            |     5 |       |     1 ||     6
       Potion            |       |     3 |     4 ||     7
 Stab: Sleeping          |     2 |       |     1 ||     3
       Confused          |       |     2 |       ||     2
       Paralysed         |       |       |     6 ||     6
       Petrifying        |       |       |     2 ||     2
       Petrified         |       |       |     1 ||     1
  Eat: Chunk             |     2 |     6 |    14 ||    22
       Fruit             |       |       |     1 ||     1
       Beef jerky        |       |       |     1 ||     1
